 Dungeon Crawl Stone Soup version 0.17.1-2-g5865329 (webtiles) character file.

10840 Faustar the Destroyer (level 11, -17/74 HPs)
             Began as a Grey Draconian Conjurer on Feb 1, 2016.
             Was an Elder of Vehumet.
             Demolished by a spiny frog (22 damage)
             ... on level 3 of the Lair of Beasts on Feb 2, 2016.
             The game lasted 00:53:26 (13276 turns).

Faustar the Destroyer (Grey Draconian Conjurer)    Turns: 13276, Time: 00:53:26

Health: -17/74     AC: 15    Str: 12    XL:     11   Next: 41%
Magic:  0/27       EV: 12    Int: 23    God:    Vehumet [****..]
Gold:   72         SH:  0    Dex: 11    Spells: 5 memorised, 21 levels left

rFire  . . .     SeeInvis .     o - +4 dagger
rCold  . . .     Clarity  .     (armour unavailable)
rNeg   . . .     SustAt   .     (no shield)
rPois  .         Gourm    .     (helmet restricted)
rElec  .         Spirit   .     (no cloak)
rCorr  .         Warding  .     y - +1 pair of gloves
rMut   .         Stasis   +     d - +0 pair of boots
MR     .....                    p - amulet of stasis
Stlth  ++........               (no ring)
                                (no ring)

@: brilliant, lethally poisoned (-17 -> -21), not resistant to hostile
enchantments, unstealthy
A: walk through water, unfitting armour, antennae 1, unbreathing, cold-blooded,
AC +12
a: Renounce Religion


You were on level 3 of the Lair of Beasts.
You worshipped Vehumet.
Vehumet was greatly pleased with you.
You were not hungry.

You visited 3 branches of the dungeon, and saw 14 of its levels.
You also visited: Ossuary.

You collected 72 gold pieces.

Inventory:

Hand Weapons
 o - a +4 dagger (weapon)
Armour
 d - a +0 pair of boots (worn)
 y - a +1 pair of gloves (worn)
Jewellery
 n - an uncursed amulet of clarity
 p - an amulet of stasis (around neck)
 q - an uncursed amulet of resist corrosion
 G - an uncursed amulet of resist mutation
Wands
 e - a wand of digging (15)
 i - a wand of magic darts (22)
 x - a wand of disintegration (15)
 A - a wand of enslavement (9)
 B - a wand of frost (14)
Scrolls
 c - 2 scrolls of enchant armour
 h - 7 scrolls of remove curse
 l - 9 scrolls of identify
 r - a scroll of fog
 v - 2 scrolls of teleportation
 C - a scroll of amnesia {unknown}
 D - a scroll of enchant weapon
 E - a scroll of torment {unknown}
 N - a scroll of vulnerability {unknown}
Potions
 g - 2 potions of flight
 k - 5 potions of heal wounds
 m - 7 potions of curing
 s - a potion of agility
 z - 2 potions of might
 M - a potion of beneficial mutation {unknown}
Books
 a - a book of Conjurations

   Spells                             Type                      Level
   a - Magic Dart                     Conjuration                  1
   b - Searing Ray                    Conjuration                  2
   c - Dazzling Spray                 Conjuration/Hexes            3
   d - Fulminant Prism                Conjuration/Hexes            4
   e - Iskenderun's Mystic Blast      Conjuration                  4
   f - Iskenderun's Battlesphere      Conjuration/Charms           5
 H - a book of the Dragon

   Spells                             Type                      Level
   a - Flame Tongue                   Conjuration/Fire             1
   b - Cause Fear                     Hexes                        4
   c - Bolt of Fire                   Conjuration/Fire             6
   d - Dragon Form                    Transmutation                7
   e - Dragon's Call                  Summoning                    9
Comestibles
 b - 8 bread rations
 f - 33 fruits
 j - 3 meat rations
 t - 2 chunks of flesh
 w - 2 beef jerkies


   Skills:
 - Level 1.7 Dodging
 - Level 1.7 Stealth
 + Level 12.0 Spellcasting
 - Level 12.0 Conjurations
 - Level 4.5 Charms


You had 21 spell levels left.
You knew the following spells:

 Your Spells              Type           Power        Failure   Level  Hunger
a - Magic Dart            Conj           ####         1%          1    None
b - Searing Ray           Conj           ######       1%          2    None
c - Sandblast             Erth           ####..       1%          1    None
d - Iskenderun's Battles  Conj/Chrm      ######..     1%          5    ####...
e - Fulminant Prism       Conj/Hex       ######....   1%          4    None


Dungeon Overview and Level Annotations

Branches:
Dungeon (10/15)            Temple (1/1) D:7            Lair (3/8) D:9
  Swamp: Lair:3-6    Shoals: Lair:3-6     Snake: Lair:3-6    Spider: Lair:3-6
    Orc: D:9-12

Altars:
Cheibriados
Kikubaaqudgha
Nemelex Xobeh
Ru
Sif Muna
Vehumet
Yredelemnul
The Shining One

Shops:
D:4 (   D:9 *

Annotations:
D:8 4 runed doors, Erolcha
D:10 Maurice, Nergalle
Lair:1 exclusion: 4 oklob plants


Innate Abilities, Weirdness & Mutations

You can walk through water.
Your dull iron-grey scales are very hard (AC +12).
Your body does not fit into most forms of armour.
You can survive without breathing.
You are cold-blooded and may be slowed by cold attacks.
You have a pair of small antennae on your head.


Message History

You feel sick.
The spiny frog stings your battlesphere!
The spiny frog stings your battlesphere.
You feel sick.
The hippogriff screeches!
You feel sick.
You feel sick.
Casting: Iskenderun's Battlesphere
Confirm with . or Enter, or press ? or * to list all spells.
Aiming: Magic Dart
Press: ? - help, Shift-Dir - straight line, f - spiny frog
Aim: a spiny frog The magic dart hits the spiny frog.
You feel sick.
Your battlesphere fires!
The barrage of energy hits the spiny frog.
The spiny frog is moderately wounded.
You hit the bush but do no damage. The spiny frog stings you!!
* * * LOW HITPOINT WARNING * * *
The spiny frog stings you!!
You die...

.. .... ##.....P#.
##..........
###...#........
#..............
##*. .#......
#..####......##
##@F.....#.##.#
#P÷..P.......#..
##...............
#.......<.....#..
...........##....#
..........##
#....# #.......###
#....# ##.....##
..... ##..... P...


You could see a spiny frog.

Vanquished Creatures
  2 black mambas (Lair:1)
  The ghost of riffraff the Covered, a novice MiFi (D:5)
  6 spiny frogs (Lair:1)
  3 komodo dragons (Lair:1)
  6 blink frogs
  10 yaks (Lair:1)
  2 water moccasins
  3 ice beasts
  2 phantoms
  2 sky beasts
  An eye of draining (D:9)
  2 orc warriors
  3 centaurs
  4 crocodiles
  2 ogres
  2 big kobolds
  6 giant frogs
  A water moccasin zombie (Ossuary)
  4 killer bees (D:8)
  3 scorpions
  11 wights
  A quasit (D:10)
  A centaur zombie (D:9)
  3 jellies (D:6)
  6 hounds
  8 orc wizards
  A giant frog skeleton (D:5)
  An orc priest (D:3)
  A crimson imp (D:7)
  4 iguanas
  9 worker ants
  A killer bee zombie (D:7)
  2 big kobold zombies (Ossuary)
  2 hound skeletons
  2 mummies (Ossuary)
  3 gnolls (D:6)
  12 adders
  22 river rats
  A shadow imp (D:6)
  2 oozes
  2 adder skeletons
  12 adder zombies
  2 worms
  5 giant geckos
  30 orcs
  9 bats
  6 giant cockroaches
  3 gnoll zombies (Ossuary)
  5 goblins
  2 hobgoblins
  3 quokkas
  A ball python (D:7)
  A giant gecko zombie (D:6)
  7 giant newts
  4 hobgoblin zombies (Ossuary)
  A jackal (D:2)
  13 kobolds
  8 kobold zombies (Ossuary)
  5 orc zombies (Ossuary)
  A quokka skeleton (D:6)
  10 rats
288 creatures vanquished.

Vanquished Creatures (others)
  3 jackals (D:2)
  31 fulminant prisms
  4 fungi (Lair:1)
  4 plants (D:5)
42 creatures vanquished.

Grand Total: 330 creatures vanquished

Notes
Turn   | Place    | Note
--------------------------------------------------------------
     0 | D:1      | Faustar the Draconian Conjurer began the quest for the Orb.
     0 | D:1      | Reached XP level 1. HP: 14/14 MP: 3/3
   170 | D:1      | Reached XP level 2. HP: 18/20 MP: 5/5
   862 | D:1      | Reached XP level 3. HP: 20/26 MP: 5/7
  1060 | D:2      | Found an ancient bone altar of Kikubaaqudgha.
  1138 | D:2      | Found a snail-covered altar of Cheibriados.
  1150 | D:2      | Learned a level 2 spell: Searing Ray
  1354 | D:2      | Found a sacrificial altar of Ru.
  1362 | D:2      | Reached XP level 4. HP: 30/33 MP: 3/10
  1522 | D:2      | Found a radiant altar of Vehumet.
  1590 | D:2      | Became a worshipper of Vehumet
  1992 | D:3      | Reached skill level 5 in Spellcasting
  1992 | D:3      | Reached XP level 5. HP: 14/38 MP: 2/12
  2726 | D:3      | Found a sparkling altar of Nemelex Xobeh.
  2756 | D:3      | Found a faded altar to an unknown god.
  3231 | D:4      | Reached skill level 5 in Conjurations
  3242 | D:4      | Reached XP level 6. HP: 26/45 MP: 2/13
  3500 | D:4      | Found a deep blue altar of Sif Muna.
  3650 | D:4      | Found Bobe's Weapon Boutique.
  3919 | D:4      | Reached skill level 6 in Conjurations
  3923 | D:4      | Reached * piety under Vehumet
  3923 | D:4      | Offered knowledge of Shock by Vehumet.
  4037 | D:5      | Entered Level 5 of the Dungeon
  4037 | D:5      | Noticed riffraff's ghost (novice MiFi)
  4059 | D:5      | Killed riffraff's ghost
  4059 | D:5      | Reached skill level 7 in Conjurations
  4059 | D:5      | Your scales start taking on a dull iron-grey colour.
  4059 | D:5      | Gained mutation: You can survive without breathing. [Grey Draconian growth]
  4059 | D:5      | Reached XP level 7. HP: 20/50 MP: 1/14
  4223 | D:5      | Found a sand-covered staircase.
  4245 | Ossuary  | Entered an ossuary
  4309 | Ossuary  | Gained mutation: You are dopey. (Int -2) [potion of mutation]
  4309 | Ossuary  | Gained mutation: You have a pair of small antennae on your head. [potion of mutation]
  4309 | Ossuary  | Lost mutation: You are dopey. (Int -2) [potion of mutation]
  4459 | Ossuary  | Reached skill level 8 in Conjurations
  4795 | D:5      | You fall through a shaft for 3 floors!
  4988 | D:8      | Reached XP level 8. HP: 50/57 MP: 15/15
  5044 | D:8      | Reached ** piety under Vehumet
  5050 | D:8      | Noticed Erolcha
  5188 | D:7      | Offered knowledge of Sandblast by Vehumet.
  5191 | D:7      | Learned a level 1 spell: Sandblast
  5246 | D:7      | Reached skill level 9 in Conjurations
  6344 | D:5      | Reached skill level 10 in Conjurations
  6410 | D:5      | Noticed a water moccasin
  6422 | D:5      | Killed a water moccasin
  6671 | D:5      | Offered knowledge of Inner Flame by Vehumet.
  6770 | D:5      | Reached skill level 11 in Conjurations
  6962 | D:6      | Reached XP level 9. HP: 58/62 MP: 10/16
  7400 | D:6      | Found a glowing golden altar of the Shining One.
  8390 | D:7      | Reached *** piety under Vehumet
  8690 | D:7      | Reached skill level 12 in Conjurations
  8722 | D:7      | Learned a level 5 spell: Iskenderun's Battlesphere
  8730 | D:7      | Learned a level 4 spell: Fulminant Prism
  8730 | D:7      | Found a basalt altar of Yredelemnul.
  9080 | D:7      | Found a staircase to the Ecumenical Temple.
  9146 | Temple   | Entered the Ecumenical Temple
  9376 | D:8      | Offered knowledge of Ignite Poison by Vehumet.
  9669 | D:8      | Found a huge runed gate.
  9669 | D:8      | Noticed a griffon
  9734 | D:8      | Noticed a polar bear
  9735 | D:8      | Found a huge runed gate.
  9735 | D:8      | Noticed a polar bear
  9743 | D:8      | Noticed a polar bear
  9744 | D:8      | Found a huge runed gate.
  9744 | D:8      | Noticed a griffon
  9744 | D:8      | Noticed a yak
  9745 | D:8      | Noticed a polar bear
  9745 | D:8      | Found a huge runed gate.
  9745 | D:8      | Noticed a yak
 10154 | D:9      | Reached XP level 10. HP: 69/69 MP: 11/22
 10342 | D:9      | Found a staircase to the Lair.
 10617 | D:9      | Found Cisu's Assorted Antiques.
 10721 | Lair:1   | Entered Level 1 of the Lair of Beasts
 10735 | D:10     | Entered Level 10 of the Dungeon
 10951 | D:10     | Noticed Maurice
 10961 | D:10     | Noticed Nergalle
 10991 | D:10     | Noticed a spectral orc warlord
 11391 | Lair:1   | Noticed a black mamba
 11399 | Lair:1   | Killed a black mamba
 11400 | Lair:1   | Reached **** piety under Vehumet
 11561 | Lair:1   | Offered knowledge of Bolt of Draining by Vehumet.
 11564 | Lair:1   | Reached skill level 10 in Spellcasting
 11631 | Lair:1   | Reached XP level 11. HP: 42/74 MP: 5/25
 12636 | Lair:1   | Noticed a black mamba
 12643 | Lair:1   | Killed a black mamba
 12708 | Lair:1   | Noticed an oklob plant
 12708 | Lair:1   | Noticed an oklob plant
 12708 | Lair:1   | Noticed an oklob plant
 12708 | Lair:1   | Noticed an oklob plant
 13196 | Lair:2   | Noticed a four-headed hydra
 13276 | Lair:3   | Demolished by a spiny frog

Action                   |  1- 3 |  4- 6 |  7- 9 | 10-12 || total
-------------------------+-------+-------+-------+-------++-------
Melee: Club              |    79 |       |       |       ||    79
       Hand axe          |    13 |       |       |       ||    13
       Dagger            |     8 |    78 |   137 |    47 ||   270
 Cast: Magic Dart        |    33 |    48 |    66 |    81 ||   228
       Searing Ray       |     1 |    18 |    72 |    27 ||   118
       Fulminant Prism   |       |       |    10 |    21 ||    31
       Iskenderun's Batt |       |       |     1 |    19 ||    20
  Use: Scroll            |     3 |     2 |    13 |     1 ||    19
       Potion            |       |       |    13 |     2 ||    15
 Stab: Paralysed         |       |     1 |       |       ||     1
       Sleeping          |       |     1 |       |       ||     1
  Eat: Chunk             |     2 |     8 |    14 |     8 ||    32
       Royal jelly       |       |       |     1 |       ||     1
       Fruit             |       |       |     1 |     1 ||     2
       Pizza             |       |       |     1 |     1 ||     2
       Meat ration       |       |       |     1 |       ||     1
       Beef jerky        |       |       |       |     2 ||     2
